Map: Dusty Gorge

Players

Ammoniak

  • Race: Zerg Zerg
  • League: Platinum
  • Spawn Location: 3:00

MadScientist

  • Race: Protoss Protoss
  • League: Gold
  • Spawn Location: 5:00

Massa

  • Race: Terran Terran
  • League: Gold
  • Spawn Location: 9:00

qqq

  • Race: Zerg Zerg
  • League: Platinum
  • Spawn Location: 11:00

VOD

Have the link to the VOD?

Description

Time

  • Played on: May 31, 2020, 2:36 p.m.
  • Length: 3:03
Show
View Real Time Build Order
Export as new Build Order

Ammoniak Zerg 

Build Orders: Hatch First 

Get SALT Encoding   

  12  0:01  Drone  
  13  0:13  Overlord  
  13  0:19  Drone  
  14  0:31  Drone x2  
  14  0:35  Drone  
  17  0:57  Drone  
  17  0:59  Hatchery  
  17  1:00  Drone  
  18  1:09  Drone, Extractor  
  18  1:20  Spawning Pool  
  18  1:22  Drone  
  18  1:29  Overlord  
  18  1:40  Drone  
  19  1:51  Drone  
  20  2:04  Drone  
  20  2:06  Queen  
  23  2:10  Queen  
  23  2:12  Drone  
  26  2:16  Drone  
  27  2:28  Drone x2  
  29  2:32  Drone  
  29  2:33  Drone  
  31  2:44  Drone x2  
  36  3:01  Hatchery  
Show
View Real Time Build Order
Export as new Build Order

MadScientist Protoss 

Build Orders:  

Get SALT Encoding   

  12  0:01  Probe  
  13  0:13  Probe  
  14  0:19  Pylon  
  14  0:25  Probe  
  15  0:37  Probe  
  16  0:43  Gateway  
  16  0:48  Assimilator  
  16  0:49  Probe (Chrono Boost)  
  17  1:01  Probe (Chrono Boost)  
  18  1:06  Probe (Chrono Boost)  
  19  1:16  Probe  
  20  1:27  Gateway  
  20  1:28  Probe  
  20  1:31  Cybernetics Core  
  21  1:36  Assimilator  
  21  1:40  Probe  
  22  1:52  Probe  
  23  2:19  Pylon  
  23  2:32  Nexus  
  23  2:37  Probe  
  27  2:53  Gateway  
  27  2:54  Robotics Facility  
Show
View Real Time Build Order
Export as new Build Order

Massa Terran 

Build Orders:  

Get SALT Encoding   

  12  0:11  Supply Depot  
  12  0:13  SCV  
  13  0:25  SCV  
  14  0:34  Barracks  
  14  0:37  SCV  
  15  0:49  Supply Depot  
  15  0:51  SCV  
  16  1:03  SCV  
  17  1:15  Refinery, SCV  
  18  1:21  Marine  
  19  1:35  SCV  
  19  1:39  Marine  
  21  1:47  SCV  
  21  1:52  Barracks  
  22  1:57  Marine  
  23  2:30  Orbital Command  
  23  2:38  Marine  
  24  2:44  Command Center  
  24  2:52  Barracks Tech Lab  
  25  2:59  Factory  
Show
View Real Time Build Order
Export as new Build Order

qqq Zerg 

Build Orders: Hatch First 

Get SALT Encoding   

  12  0:01  Drone  
  13  0:08  Drone  
  14  0:46  Hatchery  
  13  0:59  Drone  
  13  1:03  Spawning Pool  
  13  1:08  Overlord  
  13  1:13  Drone  
  13  1:18  Extractor  
  13  1:22  Drone  
  14  1:36  Extractor  
  14  1:39  Drone  
  14  1:45  Drone  
  14  1:46  Drone  
  16  1:54  Roach Warren  
  15  2:07  Queen  
  17  2:11  Drone  
  18  2:16  Drone  
  18  2:21  Zergling x2  
  20  2:28  Drone  
  21  2:35  Roach  
  23  2:38  Roach  
  23  2:41  Drone  
  26  2:50  Drone  
Tags
 
Add a new tag
Caveats
  • Supply blocks, unpowered buildings, or Contaminate may cause inaccurate times.
  • Supply counts are checked every 10 seconds.